 Dungeon Crawl Stone Soup version 0.20.1-1-g8b1a95d (webtiles) character file.

164 Azo the Magician (level 5, -12/24 HPs)
             Began as a Spriggan Earth Elementalist on Sept 18, 2017.
             Killed by divine providence
             ... invoked by an orc priest
              (15 damage)
             ... on level 3 of the Dungeon.
             The game lasted 00:12:33 (2765 turns).

Azo the Magician (Spriggan Earth Elementalist)      Turns: 2765, Time: 00:12:34

Health: -12/24     AC:  2    Str:  4    XL:     5   Next: 21%
Magic:  10/13      EV: 18    Int: 18    God:
Gold:   193        SH:  0    Dex: 16    Spells: 1/14 levels left

rFire    . . .     SeeInvis +   g - +1 dagger
rCold    . . .     Gourm    .   (shield restricted)
rNeg     . . .     Faith    .   c - +0 robe
rPois    .         Spirit   .   (helmet restricted)
rElec    .         Reflect  .   (no cloak)
rCorr    +         Harm     .   (gloves unavailable)
MR       .....                  (boots unavailable)
Stlth    ++........             (no amulet)
Regen    0.1/turn               k - ring of resist corrosion
MPRegen  0.2/turn               (no ring)

@: very quick
A: unfitting armour, see invisible, herbivore 3, speed 3, slow metabolism 2
a: no special abilities


You were on level 3 of the Dungeon.
You were not hungry.

You visited 1 branch of the dungeon, and saw 4 of its levels.

You collected 193 gold pieces.

Inventory:

Hand Weapons
 g - a +1 dagger (weapon)
Missiles
 b - 51 stones (quivered)
Armour
 c - a +0 robe (worn)
Jewellery
 k - a ring of resist corrosion (left hand)
Scrolls
 a - 3 scrolls of identify
 i - a scroll of immolation
 l - a scroll of amnesia {unknown}
 p - 3 scrolls of fog
Potions
 f - a potion of berserk rage {unknown}
 h - 3 potions of lignification {unknown}
 n - 2 potions of agility {unknown}
 o - 2 potions of curing {unknown}
Books
 e - a book of Geomancy

   Spells                             Type                      Level
   a - Sandblast                      Earth                        1
   b - Passwall                       Transmutation/Earth          2
   c - Stone Arrow                    Conjuration/Earth            3
   d - Petrify                        Transmutation/Earth          4
   e - Lee's Rapid Deconstruction     Earth                        5
Comestibles
 d - 3 bread rations
 m - 2 royal jellies


   Skills:
 - Level 3.0 Dodging
 - Level 3.0 Stealth
 * Level 5.4 Spellcasting
 + Level 0.9 Conjurations
 - Level 1.3 Transmutations
 + Level 3.7 Earth Magic


You had one spell level left.
You knew the following spells:

 Your Spells              Type           Power        Failure   Level  Hunger
a - Sandblast             Erth           ###...       2%          1    None
b - Stone Arrow           Conj/Erth      ##....       14%         3    ##.....
c - Petrify               Tmut/Erth      ##......     41%         4    ####...
d - Lee's Rapid Deconstr  Erth           ###.......   58%         5    ######.


Dungeon Overview and Level Annotations

Branches:
Dungeon (4/15)
 Temple: D:4-7

Altars:
Trog


Innate Abilities, Weirdness & Mutations

You are very small and have problems with some larger weapons.
You are too small for most types of armour.
You have supernaturally acute eyesight. (SInv)
You are a herbivore.
You cover ground extremely quickly.
You need consume almost no food.


Message History

Ouch! That really hurt!
* * * LOW HITPOINT WARNING * * *
There is an escape hatch in the ceiling here.
The orc wizard shouts!
You hear a shout!
The orc priest hits you with a flail.
* * * LOW HITPOINT WARNING * * *
Your magical contamination has completely faded away.
A mysterious force pulls you upwards. The hatch slams shut behind you.
Casting: Sandblast
Confirm with . or Enter, or press ? or * to list all spells.
Aiming: Sandblast
Press: ? - help, Shift-Dir - straight line, f - orc priest
Aim: an orc priest, wielding a flail and wearing a ring mail (heavily wounded)
The blast of sand hits the orc priest.
The orc priest is heavily wounded.
b - 51 stones The orc priest calls down the wrath of Beogh upon you.
Beogh smites you!
Ouch! That really hurt!
You die...

..# #.# #.# #.##### ###########
......########### #.........#
.............>..# #.#######.#
.)..............# #.#######.###
#############.#.#####.#.........#
# #..........@................ #
#####.##..o###............<#
##########.##...# ###.#.#####.#.#
...........##...# #.#.#####.#.#
#########..##...#####.#.......#.#
# #...............#######.#
##########.##...#####...# ####.#
............#...# #...# #.##.#
................#####...####.##.#


You could see an orc priest.

Vanquished Creatures
  An orc wizard (D:4)
  Jessica (D:3)
  Robin (D:2)
  An adder (D:4)
  A shadow imp (D:3)
  2 dart slugs
  3 leopard geckos
  An orc (D:3)
  A ball python (D:1)
  3 giant cockroaches
  12 hobgoblins
  2 quokkas (D:2)
  9 bats
  3 frilled lizards
  16 goblins
  5 kobolds
  8 rats
70 creatures vanquished.

Notes
Turn   | Place    | Note
-------+----------+-------------------------------------------
     0 | D:1      | Azo the Spriggan Earth Elementalist began the quest for the Orb.
     0 | D:1      | Reached XP level 1. HP: 9/9 MP: 5/5
   208 | D:1      | Reached skill level 3 in Spellcasting
   208 | D:1      | Reached XP level 2. HP: 13/13 MP: 2/7
   971 | D:2      | Reached XP level 3. HP: 16/16 MP: 9/9
   976 | D:2      | Learned a level 3 spell: Stone Arrow
  1038 | D:2      | Reached skill level 4 in Spellcasting
  1292 | D:2      | Found a bloodstained altar of Trog.
  1484 | D:2      | Noticed Robin
  1623 | D:2      | Killed Robin
  1623 | D:2      | Reached XP level 4. HP: 21/21 MP: 4/11
  1819 | D:2      | Learned a level 4 spell: Petrify
  2239 | D:3      | Noticed Jessica
  2253 | D:3      | Killed Jessica
  2253 | D:3      | Reached skill level 5 in Spellcasting
  2702 | D:4      | Reached XP level 5. HP: 16/24 MP: 9/13
  2712 | D:4      | Learned a level 5 spell: Lee's Rapid Deconstruction
  2765 | D:3      | Killed from afar by an orc priest

Skill      XL: |  1  2  3  4 |
---------------+-------------+-----
Earth Magic    | 3 |  3.7
Spellcasting   | 3 4 5 |  5.4
Dodging        | |  3.0
Stealth        | |  3.0
Conjurations   | |  0.9
Transmutations | |  1.3

Action                   |  1- 3 |  4- 6 || total
-------------------------+-------+-------++-------
Melee: Unarmed           |     5 |       ||     5
       Dagger            |    79 |    57 ||   136
 Cast: Sandblast         |    65 |    28 ||    93
       Stone Arrow       |       |     1 ||     1
  Use: Scroll            |     6 |     1 ||     7
 Stab: Sleeping          |     4 |     5 ||     9
       Distracted        |     1 |       ||     1
Armor: Robe              |    14 |    10 ||    24
Dodge: Dodged            |   108 |    56 ||   164
